 Dungeon Crawl Stone Soup version 0.31-a0-437-g7cee417757 (webtiles) character file.

Game seed: 5961988064740183574

5959 Ethylacetat the Mimic (level 10, -1/56 HPs)
             Began as a Vine Stalker Monk on Aug 2, 2023.
             Was an Initiate of Gozag.
             Slain by a slime creature (9 damage)
             ... on level 10 of the Dungeon.
             The game lasted 00:19:59 (6407 turns).

Ethylacetat the Mimic (Vine Stalker Monk)           Turns: 6407, Time: 00:20:00

Health: -1/56      AC:  6    Str: 11    XL:     10   Next: 84%
Magic:  0/11       EV: 13    Int: 10    God:    Gozag
Gold:   1296       SH:  0    Dex: 22    Spells: 6/9 levels left

rFire   . . .        n - +1 dagger (drain)
rCold   . . .        c - orb {light}
rNeg    . . .        g - +3 leather armour
rPois   .            (helmet currently unavailable)
rElec   .            (cloak currently unavailable)
rCorr   .            (gloves currently unavailable)
SInv    .            (boots currently unavailable)
Will    +....        x - amulet of the acrobat
Stlth   +            w - +4 ring of slaying
HPRegen 1.09/turn    (no ring)
MPRegen 0.12/turn

%: acrobat, clarity, guardian spirit
@: beast-form, gold aura, glowing, studying Invocations
A: beast (slay +6), fangs 3, regeneration 1, magic shield, antimagic bite, no
potion heal 2, clarity, weak 1, MP-powered wands
a: Begin Untransformation, Renounce Religion, Potion Petition, Call Merchant,
Bribe Branch


You were on level 10 of the Dungeon.
You worshipped Gozag.
Gozag was most pleased with you.
You were a hulking beast.
You visited 2 branches of the dungeon, and saw 12 of its levels.

You collected 1296 gold pieces.

Inventory:

Hand Weapons
 d - a +1 dagger of electrocution
 n - a +1 dagger of draining (weapon)
Missiles
 y - a curare-tipped dart
Armour
 c - an orb of light (worn)
 g - a +3 leather armour (worn)
Jewellery
 w - a +4 ring of slaying (left hand)
 x - an amulet of the acrobat (around neck)
Talismans
 e - a beast talisman (active)
Wands
 p - a wand of polymorph (9)
 z - a wand of paralysis (4)
Scrolls
 a - 6 scrolls of revelation {unknown}
 b - a scroll of fog {unknown}
 h - a scroll of amnesia {unknown}
 i - a scroll of fear {unknown}
 j - 9 scrolls of identify {unknown}
 k - a scroll of enchant armour {unknown}
 r - a scroll of teleportation {unknown}
 t - a scroll of vulnerability {unknown}
 u - a scroll of immolation {unknown}
 v - 3 scrolls of enchant weapon {unknown}
 B - a scroll of torment {unknown}
Potions
 f - 2 potions of haste {unknown}
 l - a potion of heal wounds {unknown}
 m - 2 potions of attraction {unknown}
 o - 2 potions of cancellation {unknown}
 q - 3 potions of curing {unknown}
 s - a potion of enlightenment {unknown}
 C - a potion of resistance {unknown}


   Skills:
 + Level 7.8 Fighting
 - Level 2.6 Dodging
 + Level 8.6 Unarmed Combat
 * Level 9.4 Shapeshifting


You had 6 spell levels left.
You knew the following spells:

 Your Spells              Type           Power      Damage    Failure   Level
a - Vhi's Electric Charg  Tloc/Air       0%         N/A       83%         3

Your spell library contained the following spells:

 Spells                   Type           Power      Damage    Failure   Level
 Apportation              Tloc           0%         N/A       45%         1
 Foxfire                  Conj/Fire      0%         2x1d4     45%         1
 Necrotise                Necr           0%         1d4       45%         1
 Summon Small Mammal      Summ           0%         N/A       45%         1
 Blink                    Tloc           0%         N/A       58%         2
 Lesser Beckoning         Tloc           0%         N/A       58%         2
 Momentum Strike          Conj/Tloc      0%         3d8       58%         2
 Call Canine Familiar     Summ           0%         N/A       83%         3
 Portal Projectile        Hex/Tloc       0%         N/A       83%         3
 Summon Guardian Golem    Hex/Summ       0%         N/A       83%         3
 Leda's Liquefaction      Hex/Erth       0%         N/A       99%         4
 Arcjolt                  Conj/Air       0%         1d10      100%        5
 Plasma Beam              Fire/Air       0%         2x1d10    100%        6
 Starburst                Conj/Fire      0%         6d3       100%        6


Dungeon Overview and Level Annotations

Branches:
Dungeon (11/15)            Temple (1/1) D:7
   Lair: D:8-11         Orc: D:9-12

Altars:
Ashenzari
Dithmenos
Gozag
Hepliaklqana
Makhleb
Okawaru
Qazlal
Ru
Sif Muna
Vehumet
Wu Jian
Xom
Zin
The Shining One
Lugonu

Shops:
D:1 =   D:4 (   D:6 [

Portals:
Abyss: D:3

Annotations:
D:9 Joseph


Innate Abilities, Weirdness & Mutations

You are a hulking beast.
Your limbs bulge with bestial killing power. (Slay +6)
You have razor-sharp teeth.
Your natural rate of healing is unusually fast.
When hurt, damage is shared between your health and your magic reserves.
Your bite disrupts and absorbs the magic of your enemies.
Potions cannot restore your health.
You possess an exceptional clarity of mind.
You are weak. (Str -2)
You expend magic power (3 MP) to strengthen your wands.


Message History

You puncture the large slime creature! You bite the large slime creature.
You drain its power.
You feel invigorated.
The large slime creature is lightly wounded.
The slime creature hits you.
You puncture the large slime creature! You bite the large slime creature!
You drain its power.
The large slime creature is moderately wounded.
The slime creature hits you but does no damage.
You hit the large slime creature. You drain the large slime creature.
The large slime creature is moderately wounded.
The slime creature completely misses you.
A large slime creature splits.
You hit the slime creature. You drain the slime creature.
You bite the slime creature!
You kill the slime creature!
The slime creature hits you!
The slime creature completely misses you.
You puncture the slime creature! You bite the slime creature.
You drain its power.
You feel invigorated.
The slime creature is heavily wounded.
The slime creature closely misses you.
The slime creature is distracted by your dazzling golden aura.
You puncture the slime creature!
The slime creature is no longer distracted by gold.
The slime creature is heavily wounded.
The slime creature barely misses you. The slime creature hits you!
* * * LOW HITPOINT WARNING * * *
You hit the slime creature. You drain the slime creature.
The slime creature is severely wounded.
The slime creature barely misses you. The slime creature hits you!
* * * LOW HITPOINT WARNING * * *
You puncture the slime creature! You bite the slime creature!
You kill the slime creature!
The slime creature closely misses you.
You puncture the slime creature! You bite the slime creature.
You drain its power.
You feel invigorated.
The slime creature is almost dead.
The slime creature hits you!
You die...
Your body crumbles into a pile of gold.

.# ########## ######.#
.........#######......#
......................#
..........##########..#
..........# #..#
...#......##########..#
..#.#...........J$....#
.#..)#.)........h$(((.#
#....)#...###########(#
#.~~~.#...# #.#
#~...~#...####### #.#
#~._.~#.......... ..#
#~...~#..>....... ...#
#.~~~.#.......... ....#
#.....#.............J.#
.#...#................#


You could see a slime creature (drained).

Vanquished Creatures
  A two-headed ogre (D:9)
  A kobold demonologist (D:8)
  3 slime creatures (D:10)
  A shadow (D:8)
  Sigmund (D:3)
  A wraith (D:6)
  4 yaks
  An acid dragon (D:10)
  2 water moccasins
  4 sky beasts
  A black bear (D:7)
  An ice beast (D:6)
  3 orc warriors
  A centaur (D:7)
  2 phantoms
  4 kobold brigands
  A gnoll sergeant (D:8)
  A bullfrog (D:6)
  2 scorpions (D:6)
  12 wights
  3 howler monkeys (D:9)
  An electric eel (D:6)
  3 jellies
  5 hounds
  A sleepcap (D:8)
  5 orc priests
  5 iguanas
  5 orc wizards
  3 gnolls (D:8)
  6 adders
  4 white imps
  A worm (D:2)
  3 dart slugs
  30 orcs
  7 endoplasms
  4 giant cockroaches
  3 goblins
  4 hobgoblins (D:1)
  3 jackals (D:3)
  21 kobolds
  8 quokkas
  9 ball pythons
  6 bats
  5 frilled lizards
  5 rats
  A butterfly (D:6)
198 creatures vanquished.

Notes
Turn   | Place    | Note
-------+----------+-------------------------------------------
     0 | D:1      | Ethylacetat the Vine Stalker Monk began the quest for the
                  | Orb.
     0 | D:1      | Reached XP level 1. HP: 11/11 MP: 2/2
   151 | D:1      | Reached XP level 2. HP: 13/16 MP: 1/3
   364 | D:1      | Found Yzeumpus's Jewellery Boutique.
   609 | D:2      | Reached XP level 3. HP: 20/20 MP: 4/4
   612 | D:2      | Reached skill level 1 in Shapeshifting
  1026 | D:3      | Noticed Sigmund
  1038 | D:3      | HP: 1/20 [Sigmund/+0 scythe (6)]
  1039 | D:3      | Killed Sigmund
  1040 | D:3      | Reached skill level 2 in Shapeshifting
  1040 | D:3      | Gained mutation: Your natural rate of healing is unusually
                  | fast. [Vine Stalker growth]
  1040 | D:3      | Reached XP level 4. HP: 1/25 MP: 1/5
  1040 | D:3      | Reached XP level 5. HP: 2/29 MP: 1/6
  1432 | D:3      | Found a large runed translucent door.
  1432 | D:3      | Found a large runed translucent door.
  1432 | D:3      | Found a corrupted altar of Lugonu.
  1525 | D:3      | Found a one-way gate to the infinite horrors of the Abyss.
  1531 | D:3      | Reached XP level 6. HP: 29/31 MP: 5/7
  1634 | D:3      | Found a faded altar of an unknown god.
  1989 | D:3      | Reached skill level 3 in Shapeshifting
  2619 | D:4      | Found an opulent altar of Gozag.
  2626 | D:4      | Became a worshipper of Gozag Ym Sagoz the Greedy
  2662 | D:4      | Found Dygosup's Weapon Emporium.
  2864 | D:4      | Found a glowing golden altar of the Shining One.
  2868 | D:4      | Reached XP level 7. HP: 36/37 MP: 8/8
  3188 | D:5      | Entered Level 5 of the Dungeon
  3217 | D:5      | Reached skill level 4 in Shapeshifting
  3372 | D:5      | Found a broken altar of Ashenzari.
  3513 | D:5      | Reached skill level 5 in Unarmed Combat
  3544 | D:5      | Found a stormy altar of Qazlal.
  3782 | D:6      | Gained mutation: You have razor-sharp teeth. [Vine Stalker
                  | growth]
  3782 | D:6      | Reached XP level 8. HP: 40/42 MP: 9/9
  3800 | D:6      | Found a shimmering altar of Xom.
  3855 | D:6      | Reached skill level 5 in Shapeshifting
  3863 | D:6      | Reached skill level 5 in Fighting
  3925 | D:6      | Found a glowing silver altar of Zin.
  4024 | D:6      | Found Tissar's Armour Shoppe.
  4144 | D:6      | Noticed a wraith
  4148 | D:6      | Gained mutation: You expend magic power (3 MP) to
                  | strengthen your wands. [potion of mutation]
  4148 | D:6      | Gained mutation: You are weak. (Str -2) [potion of
                  | mutation]
  4148 | D:6      | Gained mutation: You possess an exceptional clarity of
                  | mind. [potion of mutation]
  4151 | D:6      | Killed a wraith
  4152 | D:6      | Reached skill level 6 in Shapeshifting
  4602 | D:7      | Reached XP level 9. HP: 34/48 MP: 7/10
  4739 | D:7      | Found a staircase to the Ecumenical Temple.
  4746 | Temple   | Entered the Ecumenical Temple
  4834 | D:7      | Reached skill level 7 in Shapeshifting
  5234 | D:8      | Found an iron altar of Okawaru.
  5244 | D:8      | Learned a level 3 spell: Vhi's Electric Charge
  5408 | D:8      | Noticed a kobold demonologist
  5411 | D:8      | Killed a kobold demonologist
  5578 | D:8      | Reached skill level 8 in Shapeshifting
  5657 | D:8      | Reached XP level 10. HP: 51/53 MP: 11/11
  6206 | D:9      | Noticed a two-headed ogre
  6218 | D:9      | Killed a two-headed ogre
  6219 | D:9      | Reached skill level 9 in Shapeshifting
  6238 | D:9      | Noticed Joseph
  6247 | D:9      | You fall into a shaft and drop 2 floors!
  6248 | D:11     | Noticed a boulder beetle
  6311 | D:10     | Entered Level 10 of the Dungeon
  6324 | D:10     | Found a sacrificial altar of Ru.
  6407 | D:10     | Slain by a slime creature

Illustrated notes

Levels and vault maps discovered:
D:1:      minmay_arrival_split_and_join, layout_rooms, serial_shops,
          nicolae_shop_tiny_real_fake_doors, minivault_23
D:2:      layout_rooms
D:3:      due_chaos_kobolds, layout_basic,
          hellmonk_ecumenical_altar_slurped_away, minmay_statues_item,
          uniq_sigmund
D:4:      layout_loops_ring, mainiacjoe_overflow_brackets, tso_altar,
          serial_shops, shop, serial_rivers, chequers_serial_rivers_room_b,
          chequers_serial_rivers_room_b, chequers_serial_rivers_small_3,
          chequers_serial_rivers_large_a
D:5:      layout_rooms, nicolae_ashenzari_skybound, kennysheep_mini
D:6:      cheibrodos_two_vegetables, layout_loops_ring,
          mainiacjoe_overflow_24_doors, xom_butterflies, serial_shops,
          nicolae_square_shop
D:7:      layout_rooms, minmay_temple_entry_overgrown
D:8:      layout_loops_cross, kennysheep_okawaru_gauntlet,
          minmay_manual_monstrance
D:9:      layout_rooms, nicolae_uskayaw_dance_studio, dpeg_lair_monsters,
          uniq_joseph
D:10:     layout_long_grid, nicolae_ru_awakened_eye,
          mainiacjoe_overflow_alcove_4, minitemple, david_orc_2,
          nicolae_trove_entry_columns, hellmonk_ghost_big_iron
D:11:     minmay_goldmine, layout_rooms, fedhas_ov_isle_minmay
Temple:   hellmonk_temple_rainy

Skill      XL: |  1  2  3  4  5  6  7  8  9 10 |
---------------+-------------------------------+-----
Fighting       | 3 4 5 6 7 |  7.8
Shapeshifting  | 2 3 4 6 8 9 |  9.4
Unarmed Combat | 4 5 6 7 8 |  8.6
Dodging        | |  2.6

Action                     |  1- 3 |  4- 6 |  7- 9 | 10-12 || total
---------------------------+-------+-------+-------+-------++-------
  Melee: Unarmed           |    21 |       |       |       ||    21
         Bite              |    21 |    23 |    76 |    41 ||   161
         Dagger            |    31 |    62 |   216 |    88 ||   397
         Short sword       |    32 |    16 |       |       ||    48
  Throw: Dart              |       |       |     8 |    14 ||    22
  Evoke: Wand              |       |       |     7 |     1 ||     8
    Use: Potion            |       |       |     2 |     1 ||     3
   Stab: Distracted        |       |       |     2 |       ||     2
         Paralysed         |       |       |       |     3 ||     3
 Armour: Robe              |     2 |       |       |       ||     2
         Leather armour    |     9 |    23 |    49 |    16 ||    97
  Dodge: Dodged            |    44 |    47 |   148 |    39 ||   278
   Form: Beast             |     1 |       |       |       ||     1

Table legend: (Time is in decaauts)
 A = Elapsed time spent in this place.
 B = Non-inter-level travel time spent in this place.
 C = Inter-level travel time spent in this place.
 D = Time resting spent in this place.
 E = Time spent auto-exploring this place.
 F = Levels seen in this place.
 G = Mean time per level.
                   A        B        C        D        E       F      G
               +--------+--------+--------+--------+--------+-----+--------+
         Total |   6440 |   6296 |    144 |    121 |   4694 |  12 |  536.7 |
       Dungeon |   6439 |   6295 |    144 |    121 |   4694 |  11 |  585.4 |
        Temple |      1 |      1 |      0 |      0 |      0 |   1 |    1.0 |
               +--------+--------+--------+--------+--------+-----+--------+

Top non-repeatable levels by time:
     D:3: 1227 daAuts
     D:4: 1003 daAuts
     D:8: 889 daAuts
     D:6: 851 daAuts
     D:1: 547 daAuts
     D:7: 535 daAuts
     D:5: 530 daAuts
     D:2: 430 daAuts
     D:9: 263 daAuts
    D:10: 95 daAuts
    D:11: 63 daAuts
  Temple: 1 daAuts
